Map: Dusk Towers

Players

Tony - Winner!

  • Race: Terran Terran
  • League: Bronze

zod

  • Race: Terran Terran
  • League: Silver

VOD

Have the link to the VOD?

Description

Time

  • Played on: Jan. 18, 2016, 1:24 p.m.
  • Length: 17:05
Show
View Real Time Build Order
Export as new Build Order

Tony Terran - Winner!

Build Orders: MMM Bio 

Get SALT Encoding   

  12  0:01  SCV  
  13  0:13  SCV  
  14  0:25  SCV  
  15  0:32  Supply Depot  
  15  0:59  Barracks  
  15  1:13  Command Center  
  15  1:19  Barracks  
  15  1:28  SCV  
  16  1:40  SCV  
  16  1:42  Supply Depot  
  17  1:56  Marine  
  17  1:58  Orbital Command  
  18  2:02  Refinery  
  18  2:05  Refinery  
  18  2:13  Marine  
  19  2:25  Supply Depot  
  19  2:34  SCV  
  20  2:38  Marine x2  
  22  2:46  SCV  
  23  2:55  Orbital Command  
  23  2:58  SCV  
  24  3:05  Barracks Tech Lab  
  24  3:06  Barracks Tech Lab  
  24  3:10  SCV  
  25  3:22  SCV  
  26  3:27  Factory  
  26  3:31  SCV  
  27  3:38  Refinery  
  27  3:43  SCV  
  28  3:55  SCV  
  28  3:56  Combat Shields  
  28  4:00  Stimpack  
  28  4:01  Marine x2  
  31  4:08  SCV x2  
  33  4:12  Factory Tech Lab  
  33  4:19  Marine x2  
  33  4:20  SCV  
  33  4:21  Engineering Bay  
  33  4:22  SCV  
  35  4:32  SCV  
  35  4:36  Marine  
  35  4:37  Marine  
  38  4:42  Siege Tank  
  38  4:44  SCV  
  42  4:46  SCV  
  43  4:54  Marine x2  
  43  4:56  Terran Infantry Weapons Level 1, SCV  
  43  4:59  Supply Depot  
  46  5:05  Missile Turret  
  46  5:08  SCV, Missile Turret  
  46  5:12  Marine  
  46  5:13  Missile Turret  
  48  5:24  Supply Depot  
  48  5:26  SCV  
  49  5:30  Marine, Siege Tank, Marauder  
  55  5:36  Missile Turret  
  55  5:39  Missile Turret  
  55  5:48  Marauder  
  57  5:51  Marine  
  58  6:03  Command Center  
  58  6:05  Starport  
  58  6:23  SCV  
  59  6:33  Barracks  
  59  6:34  Barracks  
  59  6:36  Marauder x2  
  63  6:45  Medivac  
  65  6:50  Terran Infantry Armor Level 1  
  65  6:51  Supply Depot  
  65  6:54  SCV  
  65  6:59  Marauder x2  
  70  7:12  Widow Mine  
  70  7:13  SCV  
  73  7:16  Refinery  
  73  7:17  Orbital Command  
  73  7:20  Marine x2  
  73  7:22  Bunker  
  75  7:26  Barracks Reactor  
  75  7:27  Barracks Reactor  
  75  7:29  Barracks  
  75  7:30  Starport Reactor  
  75  7:41  Widow Mine  
  70  7:48  Supply Depot  
  60  8:35  Barracks Reactor, Missile Turret  
  60  8:36  Missile Turret  
  60  8:37  Marine  
  60  8:38  Marine x5  
  60  8:40  Medivac  
  60  8:41  Medivac  
  70  8:55  Marine  
  70  8:56  Missile Turret, Marine x4  
  70  8:58  Marauder  
  70  8:59  Concussive Shells  
  70  9:02  Cyclone  
  80  9:10  SCV  
  80  9:13  Marine x4  
  80  9:14  Marine  
  86  9:17  Armory  
  86  9:20  SCV  
  86  9:22  SCV  
  88  9:25  Refinery  
  88  9:31  Marine x5  
  89  9:32  SCV  
  89  9:34  Cyclone  
  89  9:37  Engineering Bay  
  97  9:46  Medivac x2  
  101  9:58  Supply Depot  
  101  10:00  Supply Depot  
  101  10:05  Terran Infantry Weapons Level 2  
  101  10:06  Terran Infantry Armor Level 2  
  101  10:17  Terran Vehicle Weapons Level 1  
  101  10:18  Supply Depot x2  
  101  10:20  Marine x8  
  109  10:38  Marine x8  
  109  10:41  Supply Depot  
  117  10:44  Supply Depot  
  117  10:55  Marine x8  
  124  11:04  Supply Depot  
  122  11:07  Supply Depot  
  122  11:09  Cyclone  
  124  11:13  Marine x8  
  124  11:16  Medivac x2  
  136  11:29  Supply Depot  
  136  11:31  Supply Depot, Marine x8  
  144  11:49  Marine x8  
  152  11:59  Viking x2  
  156  12:07  Marine x6  
  162  12:11  Terran Vehicle And Ship Armor Level 1  
  162  12:18  Thor  
  168  12:24  Terran Infantry Weapons Level 3  
  168  12:25  Terran Infantry Armor Level 3  
  168  12:30  SCV  
  168  12:31  SCV  
  170  12:42  SCV  
  170  12:43  SCV, Marine x6  
  170  12:44  Marine x2  
  173  13:01  Marine x8  
  173  13:03  Missile Turret  
  181  13:30  Command Center  
  181  13:33  Supply Depot  
  181  13:54  Marine x8  
  189  13:55  Supply Depot  
  189  14:05  Terran Vehicle Weapons Level 2  
  174  14:12  Marine x8  
  161  14:30  Marine x8  
  169  14:37  Thor  
  175  14:47  Marine x8  
  175  14:49  Missile Turret  
  178  15:05  Marine x3  
  178  15:06  Marauder  
  163  15:11  Command Center, Missile Turret  
  160  15:24  Marauder  
  160  15:27  Marauder, Medivac x2  
  151  15:45  Marauder  
  153  15:57  Medivac x2  
  153  15:59  Planetary Fortress  
  157  16:27  Medivac  
Show
View Real Time Build Order
Export as new Build Order

zod Terran 

Build Orders:  

Get SALT Encoding   

  12  0:01  SCV  
  13  0:13  SCV  
  14  0:22  Supply Depot  
  14  0:25  SCV  
  15  0:44  SCV  
  15  0:47  Barracks  
  16  0:50  Refinery  
  16  0:57  SCV  
  17  1:10  SCV  
  18  1:18  Barracks  
  18  1:24  SCV  
  19  1:33  Refinery  
  19  1:36  SCV  
  19  1:39  Supply Depot  
  20  1:44  Barracks Tech Lab  
  20  1:52  Orbital Command  
  20  2:05  Factory  
  20  2:10  Marine  
  21  2:30  Command Center  
  21  2:33  SCV  
  22  2:40  Supply Depot  
  22  2:43  Barracks Reactor  
  22  2:47  Reaper  
  23  2:55  Supply Depot  
  23  3:04  Factory Tech Lab  
  23  3:12  SCV  
  24  3:14  Starport  
  25  3:20  Reaper  
  25  3:23  Combat Shields  
  25  3:25  Reaper  
  26  3:31  SCV  
  27  3:43  SCV  
  27  3:44  SCV, Refinery  
  27  3:47  Reaper  
  30  3:52  Medivac  
  30  3:55  SCV  
  33  3:57  SCV  
  34  4:06  Marauder  
  34  4:07  SCV  
  37  4:13  Marine  
  38  4:22  Refinery, Orbital Command  
  38  4:23  SCV  
  38  4:35  SCV  
  37  4:39  Marine x2  
  37  4:40  Marine  
  37  4:42  Widow Mine  
  42  4:49  Starport Reactor  
  42  4:55  Starport  
  42  4:58  SCV x2  
  44  5:03  Marine x2  
  44  5:04  Marine  
  47  5:10  SCV x2, Widow Mine  
  51  5:27  Medivac  
  51  5:28  Medivac  
  55  5:30  Marine x3  
  58  5:41  Engineering Bay  
  58  5:42  Siege Tank  
  61  5:48  Marine  
  62  5:58  Supply Depot  
  62  5:59  Supply Depot  
  62  6:02  Supply Depot  
  62  6:14  SCV x2  
  62  6:20  Marauder, Marine x2  
  62  6:22  Siege Tank  
  62  6:24  Starport Tech Lab  
  69  6:26  SCV  
  70  6:35  Liberator  
  70  6:38  Marine x2  
  72  6:42  Marauder  
  72  6:43  Command Center  
  72  6:46  SCV  
  78  6:55  Marine x2  
  80  7:03  Marauder  
  82  7:13  Marine  
  83  7:24  Marauder  
  85  7:36  Marine  
  86  7:42  Marine  
  84  7:45  Supply Depot, Marine  
  84  7:46  Supply Depot  
  84  7:47  Supply Depot  
  85  7:54  Banshee  
  81  8:04  Marine x3  
  79  8:12  Terran Infantry Weapons Level 1  
  79  8:16  Liberator  
  79  8:17  Missile Turret  
  79  8:18  Liberator  
  79  8:22  Marine x2  
  79  8:23  Marauder  
  79  8:25  SCV  
  79  8:26  SCV  
  85  8:30  Siege Tank  
  91  8:37  Banshee  
  91  8:40  Marine x2  
  99  8:44  Marauder  
  101  9:01  Armory  
  101  9:05  SCV  
  101  9:06  Supply Depot, Marauder  
  101  9:08  Supply Depot  
  104  9:16  Medivac  
  106  9:17  SCV  
  106  9:18  Medivac  
  106  9:20  Banshee  
  112  9:27  Marauder  
  112  9:29  SCV  
  112  9:30  Supply Depot  
  115  9:33  Marine x2  
  117  9:41  SCV  
  118  9:46  SCV x2, Medivac  
  118  9:48  Marauder  
  118  9:50  Command Center  
  118  9:51  Refinery, Marine x2  
  126  9:53  SCV, Refinery  
  126  9:54  Refinery  
  126  9:55  Refinery  
  126  9:58  SCV  
  128  10:00  Siege Tank  
  128  10:03  Medivac x2  
  128  10:05  SCV  
  136  10:07  Terran Infantry Weapons Level 2  
  136  10:09  Marine x2  
  136  10:10  Marauder  
  136  10:11  Terran Ship Weapons Level 1  
  140  10:16  Medivac  
  140  10:17  SCV  
  140  10:21  Fusion Core  
  143  10:23  Starport  
  143  10:30  SCV  
  143  10:32  Siege Tank  
  147  10:42  SCV  
  145  10:54  SCV  
  146  11:04  Siege Tank  
  146  11:06  SCV  
  150  11:13  Marine  
  150  11:14  Marauder, Marine  
  154  11:18  Battlecruiser  
  154  11:22  Orbital Command  
  160  11:29  Orbital Command  
  160  11:31  Marine x2  
  162  11:33  SCV x2  
  164  11:45  Supply Depot  
  164  11:52  Supply Depot  
  164  12:05  SCV, Terran Vehicle Weapons Level 1  
  164  12:06  SCV, Marauder, Siege Tank, Marine x2  
  170  12:10  Supply Depot  
  170  12:16  Advanced Ballistics  
  170  12:18  SCV x2, Mag-Field Accelerator  
  170  12:21  Stimpack  
  172  12:23  Battlecruiser, Terran Infantry Armor Level 1  
  172  12:24  Marine x2  
  172  12:27  Starport Tech Lab, Weapon Refit  
  172  12:29  Supply Depot  
  180  12:31  SCV x2, Marauder  
  180  12:35  Supply Depot  
  180  12:36  Supply Depot x2  
  184  12:38  Supply Depot, Siege Tank  
  184  12:41  Supply Depot  
  187  12:51  Medivac  
  189  12:53  Supply Depot, Marauder  
  150  13:00  Supply Depot  
  147  13:08  Battlecruiser  
  147  13:10  Marine  
  147  13:11  Marine  
  155  13:14  Marauder  
  155  13:16  Supply Depot  
  157  13:27  Battlecruiser  
  157  13:28  Marine  
  164  13:35  Cloaking Field  
  164  13:36  Corvid Reactor, Marauder  
  166  13:42  SCV  
  167  13:54  SCV  
  168  14:06  SCV  
  138  14:12  Battlecruiser  
  104  14:17  Terran Infantry Weapons Level 3, Marine x3  
  104  14:18  SCV  
  104  14:22  Concussive Shells  
  106  14:31  Battlecruiser, Siege Tank  
  106  14:35  Marine x3  
  118  14:52  Marine  
  118  14:53  Marine x2  
  118  14:54  High Capacity Fuel Tanks  
  121  15:04  Siege Tank  
  110  15:10  Marine x2  
  110  15:11  Marauder  
  98  15:16  Banshee  
  89  15:28  Marine x2  
  83  15:33  Medivac x2, Marauder  
  83  15:35  Banshee  
  91  15:36  Siege Tank  
  97  15:46  Marine x2  
  97  15:53  Marine  
  98  15:59  Banshee  
  98  16:03  Medivac x2  
  98  16:04  Marine x2  
  105  16:08  Command Center  
  107  16:11  Marine  
  107  16:18  Banshee  
  111  16:21  Marine  
  111  16:22  Marine  
  113  16:29  Marine  
  114  16:33  Medivac  
  114  16:39  Marine x2  
Tags
 
Composition
MMM Bio
Matchup
TvT
Race
Terran
Add a new tag
Caveats
  • Supply blocks, unpowered buildings, or Contaminate may cause inaccurate times.
  • Supply counts are checked every 10 seconds.